 Dungeon Crawl Stone Soup version 0.25.1-2-g60ff931df9 (webtiles) character file.

Game seed: 2354445198800439795

106 ew1980 the Insei (level 4, -1/34 HPs)
             Began as a Gnoll Transmuter on Nov 21, 2020.
             Slain by a hound (5 damage)
             ... on level 4 of the Dungeon.
             The game lasted 00:06:25 (2810 turns).

ew1980 the Insei (Gnoll Transmuter)                 Turns: 2810, Time: 00:06:25

Health: -1/34      AC:  2    Str: 12    XL:     4   Next: 84%
Magic:  9/11       EV: 15    Int: 16    God:
Gold:   126        SH:  0    Dex: 16    Spells: 7/13 levels left

rFire    . . .     SeeInvis .     - Unarmed
rCold    . . .     Gourm    .   (no shield)
rNeg     . . .     Faith    .   f - +0 robe
rPois    .         Spirit   .   (no helmet)
rElec    .         Reflect  .   (no cloak)
rCorr    .         Harm     .   (no gloves)
MR       .....                  (no boots)
Stlth    ++........             (no amulet)
HPRegen  0.11/turn              (no ring)
MPRegen  0.12/turn              (no ring)

@: no status effects
A: distributed training, fangs 1, strong nose
a: no special abilities


You were on level 4 of the Dungeon.
You were not hungry.

You visited 1 branch of the dungeon, and saw 4 of its levels.

You collected 126 gold pieces.

Inventory:

Hand Weapons
 b - a +2 dagger of venom
 q - a +0 dagger of draining
 r - a +0 hunting sling
Missiles
 a - 52 arrows
 k - 7 poisoned darts (quivered)
 p - 24 sling bullets
Armour
 f - a +0 robe (worn)
 t - a +0 chain mail
Scrolls
 g - a scroll of teleportation {unknown}
 h - 2 scrolls of identify {unknown}
 i - 2 scrolls of blinking {unknown}
 l - a scroll of magic mapping {unknown}
 n - a scroll of enchant weapon {unknown}
 o - a scroll of remove curse {unknown}
Potions
 e - a potion of curing {unknown}
 j - a potion of might {unknown}
 m - a potion of lignification {unknown}
 s - a potion of ambrosia {unknown}
Comestibles
 c - 2 chunks of flesh
 d - 8 rations


   Skills:
 + Level 2.8 Fighting
 + Level 1.2 Short Blades
 + Level 1.2 Long Blades
 + Level 1.2 Axes
 + Level 1.2 Maces & Flails
 + Level 1.2 Polearms
 + Level 1.2 Staves
 + Level 1.2 Slings
 + Level 1.2 Bows
 + Level 1.2 Crossbows
 + Level 1.2 Throwing
 + Level 1.2 Armour
 + Level 4.7 Dodging
 + Level 1.2 Stealth
 + Level 1.2 Shields
 + Level 6.6 Unarmed Combat
 + Level 5.1 Spellcasting
 + Level 1.0 Conjurations
 + Level 1.0 Hexes
 + Level 1.0 Charms
 + Level 1.0 Summonings
 + Level 1.0 Necromancy
 + Level 1.0 Translocations
 + Level 3.9 Transmutations
 + Level 1.0 Fire Magic
 + Level 1.0 Ice Magic
 + Level 1.0 Air Magic
 + Level 1.0 Earth Magic
 + Level 1.0 Poison Magic
 + Level 1.3 Invocations
 + Level 1.2 Evocations


You had 7 spell levels left.
You knew the following spells:

 Your Spells              Type           Power        Failure   Level  Hunger
a - Beastly Appendage     Tmut           ###...       3%          1    None
b - Sticks to Snakes      Tmut           ###.....     4%          2    #......
c - Spider Form           Tmut/Pois      ##........   17%         3    ###....

Your spell library contained the following spells:

 Spells                   Type           Power        Failure   Level  Hunger
 Ice Form                 Ice/Tmut       ##......     50%         4    ####...
 Blade Hands              Tmut           ###.......   63%         5    ######.


Dungeon Overview and Level Annotations

Branches:
Dungeon (4/15)
 Temple: D:4-7

Altars:
Nemelex Xobeh
Xom

Annotations:
D:4 Eustachio


Innate Abilities, Weirdness & Mutations

Your experience applies equally to all skills.
You have very sharp teeth.
Your uncanny sense of smell can sniff out nearby items.


Message History

The hound is almost dead.
The hound bites you.
* * * LOW HITPOINT WARNING * * *
The hound bites you.
* * * LOW HITPOINT WARNING * * *
Something closely misses your ball python.
Your horns disappear.
The hound barely misses you.
Your ball python bites the dart slug.
Your ball python grabs the dart slug.
Your ball python constricts the dart slug.
The hound bites you.
* * * LOW HITPOINT WARNING * * *
Your ball python bites the dart slug.
Your ball python constricts the dart slug.
The dart slug launches a dart at your ball python.
The slug dart hits your ball python.
Your ball python dies!
The hound closely misses you. The hound bites you.
You die...

..........##########...# ...
.......<..#.......##...##...
#...##....#.................
# ##....#................
#.....#.....w......#
#.....#......{##...#
#.....##...w..##.S.#
##....##......##...+
#.....@h.....+....#
+.......>....#.)..#
#....##......#.)..#
#....##......##...#
#....##......##...#
#............##...#
#.............#.....
#.............#......
......#....##.


You could see a worm, a hound and a dart slug.

Vanquished Creatures
  A worker ant (D:3)
  2 adders (D:3)
  An ooze (D:1)
  2 worms
  A dart slug (D:3)
  2 leopard geckos (D:2)
  3 orcs (D:4)
  9 bats
  3 giant cockroaches (D:1)
  3 goblins
  7 hobgoblins
  5 kobolds
  3 quokkas
  A ball python (D:3)
  2 frilled lizards (D:2)
  6 rats
51 creatures vanquished.

Vanquished Creatures (collateral kills)
  An orc (D:4)
1 creature vanquished.

Grand Total: 52 creatures vanquished

Notes
Turn   | Place    | Note
-------+----------+-------------------------------------------
     0 | D:1      | ew1980 the Gnoll Transmuter began the quest for the Orb.
     0 | D:1      | Reached XP level 1. HP: 17/17 MP: 6/6
   134 | D:1      | Reached XP level 2. HP: 23/23 MP: 7/7
   145 | D:1      | Learned a level 2 spell: Sticks to Snakes
   832 | D:2      | Reached XP level 3. HP: 24/28 MP: 9/9
   843 | D:2      | Learned a level 3 spell: Spider Form
  1086 | D:2      | Reached skill level 5 in Spellcasting
  1703 | D:3      | Reached skill level 1 in Invocations
  1956 | D:3      | Reached skill level 1 in Short Blades
  1956 | D:3      | Reached skill level 1 in Long Blades
  1956 | D:3      | Reached skill level 1 in Axes
  1956 | D:3      | Reached skill level 1 in Maces & Flails
  1956 | D:3      | Reached skill level 1 in Polearms
  1956 | D:3      | Reached skill level 1 in Staves
  1956 | D:3      | Reached skill level 1 in Slings
  1956 | D:3      | Reached skill level 1 in Bows
  1956 | D:3      | Reached skill level 1 in Crossbows
  1956 | D:3      | Reached skill level 1 in Throwing
  1956 | D:3      | Reached skill level 1 in Armour
  1956 | D:3      | Reached skill level 1 in Stealth
  1956 | D:3      | Reached skill level 1 in Shields
  1956 | D:3      | Reached skill level 1 in Evocations
  2064 | D:3      | Reached XP level 4. HP: 34/34 MP: 11/11
  2091 | D:3      | Found a faded altar of an unknown god.
  2621 | D:3      | Found a shimmering altar of Xom.
  2621 | D:3      | Found a sparkling altar of Nemelex Xobeh.
  2729 | D:4      | Noticed Eustachio
  2738 | D:3      | Reached skill level 1 in Conjurations
  2738 | D:3      | Reached skill level 1 in Hexes
  2738 | D:3      | Reached skill level 1 in Charms
  2738 | D:3      | Reached skill level 1 in Summonings
  2738 | D:3      | Reached skill level 1 in Necromancy
  2738 | D:3      | Reached skill level 1 in Translocations
  2738 | D:3      | Reached skill level 1 in Fire Magic
  2738 | D:3      | Reached skill level 1 in Ice Magic
  2738 | D:3      | Reached skill level 1 in Air Magic
  2738 | D:3      | Reached skill level 1 in Earth Magic
  2738 | D:3      | Reached skill level 1 in Poison Magic
  2810 | D:4      | Slain by a hound

Illustrated notes

Levels and vault maps discovered:
D:1:      mrwooster_arrival_statue_3, layout_loops_ring, hex_medium
D:2:      layout_loops_cross
D:3:      layout_rooms, gammafunk_temple_overflow_wave, first_ration,
          chequers_ecumenical_altar_simple, patterned_corridor
D:4:      layout_gridville, cheibrodos_ashenzari_chains, uniq_eustachio

Skill      XL: |  1  2  3  4 |
---------------+-------------+-----
Spellcasting   | 5 |  5.1
Invocations    | 1 |  1.3
Short Blades   | 1 |  1.2
Long Blades    | 1 |  1.2
Axes           | 1 |  1.2
Maces & Flails | 1 |  1.2
Polearms       | 1 |  1.2
Staves         | 1 |  1.2
Slings         | 1 |  1.2
Bows           | 1 |  1.2
Crossbows      | 1 |  1.2
Throwing       | 1 |  1.2
Armour         | 1 |  1.2
Stealth        | 1 |  1.2
Shields        | 1 |  1.2
Evocations     | 1 |  1.2
Conjurations   | 1 |  1.0
Hexes          | 1 |  1.0
Charms         | 1 |  1.0
Summonings     | 1 |  1.0
Necromancy     | 1 |  1.0
Translocations | 1 |  1.0
Fire Magic     | 1 |  1.0
Ice Magic      | 1 |  1.0
Air Magic      | 1 |  1.0
Earth Magic    | 1 |  1.0
Poison Magic   | 1 |  1.0
Fighting       | |  2.8
Dodging        | |  4.7
Unarmed Combat | |  6.6
Transmutations | |  3.9

Action                   |  1- 3 |  4- 6 || total
-------------------------+-------+-------++-------
Melee: Unarmed           |    90 |    35 ||   125
       Bite              |    10 |     2 ||    12
       Kick              |     5 |     1 ||     6
       Punch             |     5 |     1 ||     6
       Dagger            |     4 |       ||     4
       Headbutt          |       |     1 ||     1
Throw: Dart              |    10 |     8 ||    18
 Cast: Beastly Appendage |     3 |     2 ||     5
       Sticks to Snakes  |     1 |     3 ||     4
 Stab: Sleeping          |     3 |     1 ||     4
  Eat: Chunk             |     4 |     2 ||     6
Armor: Robe              |    16 |     4 ||    20
Dodge: Dodged            |    76 |    34 ||   110
